Cogmind - Beta 11.1 @@@ ROGUE MODE // 2022.07.15 @ 12:55:37 // Winter2019/RPGLIKE Player: Hermelin Result: Destroyed by D-53 Grenadier with Mini Grenade Launcher Performance ------------- Evolutions (0) 0 Regions Visited (2) 400 Robots Destroyed (36) 180 Value Destroyed (931) 931 Prototype IDs (2) 40 Alien Tech Used (0) 0 Bonus (0) 0 TOTAL SCORE: 1551 Bonus ------- None Cogmind --------- Core Integrity 0/600 Matter 393/500 Energy 160/160 System Corruption 0% Temperature Cool (0) Movement Treading (160) Location -10/Mines Parts ------- > --- POWER (1) -------- Light Nuclear Core > --- PROPULSION (2) --- Light Treads Wheel > --- UTILITY (5) ------ High-capacity Matter Pod Targeting Computer Improved Light Armor Plating Hacking Suite > --- WEAPON (2) ------- Assault Rifle Assault Rifle > --- INVENTORY (2) ---- Mini Grenade Launcher Datajack Peak State ------------ > --- POWER ------------ Light Nuclear Core > --- PROPULSION ------- Light Treads Wheel > --- UTILITY ---------- High-capacity Matter Pod Targeting Computer Light Armor Plating Improved Light Armor Plating Hacking Suite > --- WEAPON ----------- Assault Rifle Mini Grenade Launcher > --- INVENTORY -------- Assault Rifle Datajack [Rating: 17] Favorites ----------- Power Light Ion Engine Engine Light Ion Engine Power Core Light Nuclear Core Propulsion Light Treads Treads Light Treads Wheel Compact Wheel Utility Seismic Detector Device Seismic Detector Storage High-capacity Matter Pod Processor Targeting Computer Hackware Hacking Suite Protection Improved Light Armor Plating Weapon Assault Rifle Ballistic Gun Assault Rifle Launcher Mini Grenade Launcher Build | -11 -10 -10 ------- Run | Scr Mat Min Slots Evolved 6 | 3 3 . Power . | . . . Propulsion 1 | 1 . . Utility 4 | 1 3 . Weapon 1 | 1 . . Parts Attached 21 | 8 11 2 Power 2 | 1 1 . Engine 1 | 1 . . Core 1 | . 1 . Reactor . | . . . Propulsion 4 | 2 2 . Treads 2 | 1 1 . Leg . | . . . Wheel 2 | 1 1 . Hover . | . . . Flight . | . . . Utility 11 | 3 8 . Device 2 | 2 . . Storage 2 | . 2 . Processor 1 | . 1 . Hackware 1 | . 1 . Protection 5 | 1 4 . Artifact . | . . . Weapon 4 | 2 . 2 Energy Gun . | . . . Energy Cannon . | . . . Ballistic Gun 3 | 2 . 1 Ballistic Cannon . | . . . Launcher 1 | . . 1 Special Weapon . | . . . Impact Weapon . | . . . Slashing Weapon . | . . . Piercing Weapon . | . . . Special Melee Weapon . | . . . Unidentified Prototypes . | . . . Parts Lost 1 | . . 1 Power . | . . . Propulsion . | . . . Utility 1 | . . 1 Weapon . | . . . Highest Loss Streak 1 | . . 1 To Critical Strikes . | . . . Average Slot Usage (%) 98 | . 98 99 Engine 1 | . 1 . Core 11 | . 11 10 Treads 12 | . 12 10 Wheel 12 | . 12 10 Device 8 | . 8 . Storage 1 | . 1 10 Hackware 4 | . 4 10 Protection 17 | . 17 19 Ballistic Gun 25 | . 26 15 Naked Turns . | . . . Heaviest Build 20 | 11 20 19 Greatest Support 20 | 16 20 10 Greatest Overweight (x) 1 | . 1 1 Average Overweight (x) . | . . 1 Largest Inventory Capacity 2 | 2 2 2 Average Capacity 2 | 2 2 2 Most Carried 2 | 2 2 2 Average Carried 1 | 1 1 2 Final Capacity 2 | 2 2 2 Final Carried 2 | 2 2 2 Class Distribution -------------------- 73% | Mutant 13% | Scavenger-Mutant 12% | Hacker-Mutant Dominant Class ---------------- Scavenger-Mutant | -10/Materials Scavenger-Mutant | -10/Mines Resources | -11 -10 -10 ----------- Run | Scr Mat Min Matter Collected 1123 | 241 819 63 Remotely . | . . . Salvage Created 1175 | 56 982 137 Parts 79 | 9 61 9 Haulers Intercepted 2 | . 2 . Recyclers Shooed . | . . . Parts Field Recycled . | . . . Retrieved Matter . | . . . Parts Self-Destructed . | . . . Prevented . | . . . Kills | -11 -10 -10 ------- Run | Scr Mat Min Combat Hostiles Destroyed 27 | 2 18 7 Guns 25 | 2 18 5 AOE 2 | . . 2 Classes Destroyed 10 | 2 7 1 Worker 2 | . 2 . Builder 1 | . 1 . Tunneler 4 | 2 2 . Hauler 2 | . 2 . Operator 2 | . 2 . Watcher 1 | . 1 . Swarmer 3 | . 3 . Grunt 19 | . 15 4 Demolisher 2 | 2 . . Assembled 3 | . . 3 Best Kill Streak 4 | 2 4 4 Combat Bots Only 4 | 2 4 4 Max Kills in Single Turn 2 | 1 2 1 Gunslinging 1 | . 1 . Exploded 1 | . . 1 Melee . | . . . Uniques/NPCs Destroyed . | . . . Combat | -11 -10 -10 -------- Run | Scr Mat Min Damage Taken 1697 | 306 610 781 Core 1239 | 262 417 560 Absorbed by Shields . | . . . Redirected to Core 917 | 155 347 415 Regen/Repaired (Parts) 130 | . 130 . Core Remaining (%) 68 | 68 . . Volleys Fired 124 | 8 90 26 Largest 2 | 2 2 2 Hottest 40 | 40 40 40 Shots Fired 234 | 16 180 38 Gun 231 | 16 180 35 Cannon . | . . . Launcher 3 | . . 3 Special . | . . . Kinetic 231 | 16 180 35 Thermal . | . . . Explosive 3 | . . 3 Electromagnetic . | . . . Robot Hit Streak 16 | 8 16 8 Robot Miss Streak 5 | 3 5 3 Penetration Max . | . . . Secondary Targets 3 | 1 2 . Max Gunslinging Chain 1 | 1 1 . Shots Hit Robots 157 | 10 121 26 Core Hits 64 | 5 44 15 Critical Kills 2 | . 2 . Critical Parts Destroyed 1 | . 1 . Critical Strikes 3 | . 3 . Destroy 3 | . 3 . Melee Attacks . | . . . Impact . | . . . Slashing . | . . . Piercing . | . . . Sneak Attacks . | . . . Combat Hostiles . | . . . Follow-up Attacks . | . . . Damage Inflicted 2290 | 129 1666 495 Guns 2100 | 129 1666 305 Cannons . | . . . Explosions 190 | . . 190 Melee . | . . . Ramming . | . . . Kinetic 2100 | 129 1666 305 Thermal . | . . . Explosive 190 | . . 190 Electromagnetic . | . . . Impact . | . . . Slashing . | . . . Piercing . | . . . Highest Corruption . | . . . Average Corruption . | . . . Corruption Purged . | . . . Corruption Blocked . | . . . Overload Shots . | . . . Overflow Damage . | . . . Projectiles . | . . . Explosions . | . . . Melee . | . . . Knockbacks . | . . . Impact . | . . . Kinetic . | . . . Secondary . | . . . Self-Inflicted Damage . | . . . Shots . | . . . Rammed . | . . . Targets Rammed . | . . . Kicked . | . . . Crushed . | . . . Highest Temperature 78 | . 42 78 Average Temperature 23 | . 15 40 Received Heat Transfer 363 | . 267 96 Siege Activations . | . . . Robots Corrupted . | . . . Combat Hostiles . | . . . Parts Fried . | . . . Impact Corruptions . | . . . Robots Melted . | . . . Combat Hostiles . | . . . Parts Melted . | . . . Heat Transferred . | . . . Parts Sabotaged . | . . . Parts Stolen . | . . . Parts Stripped . | . . . Power Chain Reactions . | . . . Missiles Intercepted . | . . . Alert | -11 -10 -10 ------- Run | Scr Mat Min Peak Influence 419 | 55 419 276 Initial 119 | . 35 119 Average 70 | 1 199 202 Maximum Alert Level 2 | . 2 1 Low Security (%) 85 | 100 57 52 Level 1 12 | . 35 47 Level 2 2 | . 7 . Level 3 . | . . . Level 4 . | . . . Level 5 . | . . . High Security . | . . . Max Security . | . . . Squads Dispatched 5 | . 5 . Investigation 5 | . 5 . Extermination . | . . . Reinforcement . | . . . Assault . | . . . Garrison . | . . . Intercept . | . . . Searches Triggered . | . . . Construction Impeded . | . . . Haulers Reinforced . | . . . Active Scanning Responses . | . . . Cargo Convoy Interrupts . | . . . Stealth | -11 -10 -10 --------- Run | Scr Mat Min Distress Signals 1 | . 1 . Communications Jammed . | . . . Distress Signals . | . . . Times Spotted 42 | 2 30 10 Peak Tracking Total 4 | 2 4 3 Tactical Retreats 2 | . 1 1 Traps | -11 -10 -10 ------- Run | Scr Mat Min Traps Triggered 2 | . 2 . Indirectly . | . . . Trap Hack Attempts . | . . . Triggered . | . . . Disarmed . | . . . Reprogrammed . | . . . Reused . | . . . Traps Extracted . | . . . Installed . | . . . Triggered 1 | . . 1 Machines | -11 -10 -10 ---------- Run | Scr Mat Min Machines Disabled 1 | . 1 . Max in Single Turn 1 | . 1 . Machines Sabotaged . | . . . Garrisons Compromised . | . . . Overloaded Fab Kills . | . . . Hacking | -11 -10 -10 --------- Run | Scr Mat Min Machines Accessed 11 | . 11 . Terminals 8 | . 8 . Fabricators . | . . . Repair Stations 1 | . 1 . Recycling Units 2 | . 2 . Scanalyzers . | . . . Garrison Access . | . . . Total Hacks 52 | . 52 . Successful 41 | . 41 . Failed 11 | . 11 . Catastrophic . | . . . Database Lockouts . | . . . Manual 27 | . 27 . Terminals 41 | . 41 . Fabricators . | . . . Repair Stations 4 | . 4 . Recycling Units 7 | . 7 . Scanalyzers . | . . . Garrison Access . | . . . Terminal Hacks 18 | . 18 . Part Schematic 3 | . 3 . Robot Schematic 1 | . 1 . Robot Analysis 5 | . 5 . Prototype ID Bank 2 | . 2 . Branch Access Points 1 | . 1 . Terminal Index 1 | . 1 . Locate Traps 2 | . 2 . Zone Layout 3 | . 3 . Fabricator Hacks . | . . . Repair Station Hacks 4 | . 4 . Scan Component 2 | . 2 . Repair 2 | . 2 . Recycling Unit Hacks 5 | . 5 . Process 2 | . 2 . Report Inventory 1 | . 1 . Retrieve Matter 2 | . 2 . Scanalyzer . | . . . Garrison Access Hacks . | . . . Unauthorized Hacks 14 | . 14 . Terminals 12 | . 12 . Track 6 | . 6 . Botnet 5 | . 5 . Operators 1 | . 1 . Fabricators . | . . . Repair Stations . | . . . Recycling Units 2 | . 2 . Tunnel 2 | . 2 . Scanalyzers . | . . . Garrison Access . | . . . Data Cores Recovered 1 | . 1 . Used . | . . . Hacking Detections 11 | . 11 . Full Trace Events 3 | . 3 . Feedback Events . | . . . Feedback Blocked . | . . . Robot Schematics Acquired 1 | . 1 . Robots Built . | . . . Authchips . | . . . Time . | . . . Total Robot Build Rating . | . . . Part Schematics Acquired 3 | . 3 . Parts Built . | . . . Authchips . | . . . Time . | . . . Total Part Build Rating . | . . . Parts Repaired 2 | . 2 . Time 76 | . 76 . Parts Recycled . | . . . Recycled Matter 289 | . 289 . Retrieved Matter 365 | . 365 . Retrieved Components . | . . . Parts Scanalyzed . | . . . Part Schematics Acquired . | . . . Parts Damaged . | . . . Bothacking | -11 -10 -10 ------------ Run | Scr Mat Min Used RIF Installer . | . . . Robots Hacked . | . . . Non-combat . | . . . Combat . | . . . Robot Hacks Applied . | . . . Relay Couplers Released . | . . . Fabnet Peak Effective % . | . . . Robots Rewired . | . . . Allies Hacked . | . . . Hacks Repelled . | . . . Allies | -11 -10 -10 -------- Run | Scr Mat Min Total Allies . | . . . Largest Group . | . . . Highest-Rated Group . | . . . Highest-Rated Ally . | . . . Total Orders . | . . . Ally Attacks . | . . . Total Damage . | . . . Kills . | . . . Allies Corrupted . | . . . Allies Melted . | . . . Intel | -11 -10 -10 ------- Run | Scr Mat Min Robot Analysis Total 5 | . 5 . Derelict Logs Recovered 1 | . . 1 Drone Launches . | . . . Drone Recoveries . | . . . Exploration | -11 -10 -10 ------------- Run | Scr Mat Min Turns Passed 4081 | 2669 1316 96 Spaces Moved 990 | 153 814 23 Core 3 | 3 . . Treads 68 | . 68 . Legs . | . . . Wheels 919 | 150 746 23 Hover . | . . . Flight . | . . . Fastest Speed 50 | 50 95 95 Average Speed 101 | 99 101 95 Slowest Speed 160 | 100 160 95 Overloaded Moves . | . . . Propulsion Burnouts . | . . . Robots Hopped . | . . . Cave-ins Triggered . | . . . Exploration Rate (%) 39 | 14 94 9 Regions Visited 2 Branch Regions 1 Pre-discovered Areas 2 | . 2 . Known Exits Taken 1 | . 1 . Unknown Exits Taken 1 | 1 . . Scrap Searched . | . . . Spaces Dug . | . . . Terrain Destroyed 21 | . . 21 Melee . | . . . Projectile . | . . . AOE 21 | . . 21 Terrain Rammed . | . . . Walls Destroyed . | . . . Machines Disabled . | . . . Actions | -11 -10 -10 --------- Run | Scr Mat Min Total 3834 | 2652 1122 60 Wait 2656 | 2474 180 2 Move 988 | 152 813 23 Hop . | . . . Pick Up 5 | 4 1 . Fast Attach 17 | 8 9 . Attach . | . . . Detach . | . . . Swap 4 | . 2 2 Drop 10 | 3 7 . Fire 124 | 8 90 26 Melee . | . . . Ram . | . . . Kick . | . . . Crush . | . . . Escape Stasis . | . . . Rewire . | . . . Trap . | . . . Miscellaneous 30 | 3 20 7 Route ------- -11/Scrapyard -10/Materials (discovered 5 exits: [*Mat x3] / *Min x2) -10/Mines History --------- Turn | Location | Event 1 | -11/Scrapyard | Upgraded with Propulsion slot (x1) 1 | -11/Scrapyard | Upgraded with Utility slot (x1) 1 | -11/Scrapyard | Upgraded with Weapon slot (x1) 12 | -11/Scrapyard | Discovered new exit (range 16) 1874 | -11/Scrapyard | Assembled infested the area 2670 | -11/Scrapyard | Entered Materials 2683 | -10/Materials | Build established: Mutant 2727 | -10/Materials | Identified exit to Mines 2786 | -10/Materials | Core integrity fell below 50% 2912 | -10/Materials | Repaired Imp. Light Armor Plating 2959 | -10/Materials | Discovered new exit (range 13) 3247 | -10/Materials | Discovered new exit (range 18) 3281 | -10/Materials | Reached level 2 3320 | -10/Materials | Build established: Scavenger-Mutant 3457 | -10/Materials | Upgraded with Utility slot (x1) 3768 | -10/Materials | Discovered new exit (range 15) 3777 | -10/Materials | Reached level 3 3798 | -10/Materials | Build established: Hacker-Mutant 3821 | -10/Materials | Upgraded with Utility slot (x2) 3951 | -10/Materials | Repaired Imp. Light Armor Plating 3986 | -10/Materials | Entered Mines 3987 | -10/Mines | Assembled infested the area 4027 | -10/Mines | Learned Materials trap positions 4079 | -10/Mines | Core integrity fell below 20% 4082 | -10/Mines | Destroyed by D-53 Grenadier with Mini Grenade Launcher Last Messages --------------- squad. 03989_ G-34 Mercenary destroyed. 04004_ G-47 Trooper destroyed. 04012_ as-92789 destroyed. 04019_ Used Protomatter to restore core integrity (+102, depleted) 04020_ Acquired 63 matter. 04026_ Used Protomatter to restore core integrity (+30, depleted) 04027_ Acquired derelict log, extracted data. Data stored: Materials trap records. 04036_ as-87757 destroyed. 04043_ The unstable cave ceiling collapses. 04045_ as-15460 destroyed. 04046_ G-34 Mercenary destroyed. 04052_ as-80140 destroyed. 04059_ The unstable cave ceiling collapses. 04062_ D-53 Grenadier unfolds itself. 04069_ Protomatter-1 decays. 04069_ The unstable cave ceiling collapses. 04072_ G-47 Trooper destroyed. 04072_ Lgt. Armor Plating destroyed. Map ----- +----------------------------------------------------+ | ???????????????????????????????????????? | | ???????????????????????????????????????? | | ???????????????????????????????????????? | | ???????????????????????????????????????? | | ???????????????????????????????????????? | | ???????????????????????????????????????? | | ???????????????????????????????????????? | | ???????????????????????????????????????? | | ???????????????????????????????????????? | | ???????????????????????????????????????? | | ???????????????????????????????????????? | | ???????????????????????????????????????? | | ?????????????????? ? ??????????????????? | | ????????????????# ??????????????????? | | ???????????????## ?????????????????? | | ??????????????## ?????????????????? | | ??????????????# ?????????????????? | | ?????????????## ?????????????????? | | ?????????????[%= d #??????????####??? | | ??????????????% *d ?????????## ##?? | | ??????????????## %! #####????# #?? | | ??????????????# = ###??# *#?? | | ???????????????# #### = ##? | | ?????????????????# ! [#? | | ?????????????????# #? | | ??????????????????# @ ##### ##? | | ??????????????????## #???####?? | | ?????????????????### #????????? | | ?????????????????# ##????????? | | ????????????????# ##?????????? | | ????????????????# ###??????????? | | ????????????????## ##????????????? | | ?????????????????##### ##?????????????? | | ?????????????????????####??????????????? | | ???????????????????????????????????????? | | ???????????????????????????????????????? | | ???????????????????????????????????????? | | ???????????????????????????????????????? | | ???????????????????????????????????????? | | ???????????????????????????????????????? | | ???????????????????????????????????????? | | ???????????????????????????????????????? | | ???????????????????????????????????????? | | ???????????????????????????????????????? | | ???????????????????????????????????????? | | ???????????????????????????????????????? | | ???????????????????????????????????????? | | | | | | | +----------------------------------------------------+ Best States ------------- Heat Dissipation 25 Energy Generation 14 Energy Capacity 160 Matter Stores 500 Matter Capacity 500 Sight Range 16 Terrain Scan Range 16 Terrain Scan Density 110 Armor Coverage 300 Propulsion Shielding 33 Evasion (%) 41 Targeting Accuracy 5 Recoil Reduction 1 Offensive Hacking 15 Defensive Hacking 5 Item Schematics ----------------- Datajack | -10/Materials | Hacked Lgt. Treads | -10/Materials | Hacked Wheel | -10/Materials | Hacked Robot Schematics ------------------ M-13 Machinist | -10/Materials | Hacked Fabricated ------------ Nothing Alien Tech Used ----------------- None Achievements -------------- None Challenges ------------ None RPGLIKE | -11 -10 -10 --------- Run | Scr Mat Min Levels Raised 2 | . 2 . XP Earned 7160 | 3250 2860 1050 XP Spent 6000 | 2700 3300 . Upgrades 11 | 8 3 . Propulsion Slot 1 | 1 . . Utility Slot 4 | 1 3 . Weapon Slot 1 | 1 . . Inventory Capacity 2 | 2 . . Terrain Scan Density 1 | 1 . . Hack Attack % 1 | 1 . . Hack Defense % 1 | 1 . . Protomatter Created 269 | 24 144 101 Integrity Restored 636 | 72 432 132 Core 636 | 72 432 132 Protomatter Decayed 1 | . . 1 Game ------ Seed SeismicReinforcedBrace Manual? 0 Play Time 00:33:38 Cumulative 448.6 hours Start 2022.07.15 @ 01:57:06 End 2022.07.15 @ 12:55:37 Sessions 3 Manual Loads 0 Difficulty Rogue Special Mode Winter2019/RPGLIKE Game No. 175 Rogue 172 Adventurer 3 Explorer 0 Win Type - Total 8 Types 5/1/0/1/0/1/0/0/0 Lore% 84 Gallery% 87 Achievement% 78 Wizard Run 0 Options --------- ASCII 0 Keyboard 0 Movement Numpad Keybinds 0 Fullscreen 1 Font 18/SmallcapsGlow Map View 76x50 Tactical HUD 1 Map Filters NONE Filters NONE Steam 1 RUN: 53794c02-d6f4-4301-aa00-cd8f7c14010b